 Dungeon Crawl Stone Soup version 0.18.1-48-g4cf74bf (webtiles) character file.

122 kae the Chiller (level 4, 27/30 HPs)
             Began as a Demonspawn Ice Elementalist on Sept 5, 2016.
             Quit the game on level 2 of the Dungeon on Sept 8, 2016.
             The game lasted 00:03:23 (1999 turns).

kae the Chiller (Demonspawn Ice Elementalist)       Turns: 1999, Time: 00:03:23

Health: 27/30      AC:  2    Str:  9    XL:     4   Next: 78%
Magic:  8/8        EV: 12    Int: 17    God:
Gold:   113        SH:  0    Dex: 13    Spells: 1 memorised, 8 levels left

rFire  . . .     SeeInvis .     j - +0 spear (flame)
rCold  . . .     Gourm    .     a - +0 robe
rNeg   . . .     Faith    .     (no shield)
rPois  .         Spirit   .     (helmet restricted)
rElec  .         Dismiss  .     (no cloak)
rCorr  .         Reflect  .     (no gloves)
SustAt .         Harm     .     (no boots)
MR     .....                    (no amulet)
Stlth  ++........               (no ring)
                                (no ring)

@: not resistant to hostile enchantments, unstealthy
A: antennae 2, claws 1
a: no special abilities


You were on level 2 of the Dungeon.
You were not hungry.

You visited 1 branch of the dungeon, and saw 2 of its levels.

You collected 113 gold pieces.

Inventory:

Hand Weapons
 j - a +0 spear of flaming (weapon)
Armour
 a - a +0 robe (worn)
Scrolls
 e - a scroll of enchant weapon {unknown}
 f - a scroll of enchant armour {unknown}
 i - 3 scrolls of amnesia {unknown}
 k - 2 scrolls of identify {unknown}
 l - a scroll of noise {unknown}
 m - 2 scrolls of immolation {unknown}
 p - a scroll of remove curse {unknown}
Potions
 h - a potion of might {unknown}
 n - a potion of degeneration {unknown}
Books
 b - a book of Frost

   Spells                             Type                      Level
   a - Freeze                         Ice                          1
   b - Throw Frost                    Conjuration/Ice              2
   c - Ozocubu's Armour               Charms/Ice                   3
   d - Throw Icicle                   Conjuration/Ice              4
   e - Summon Ice Beast               Ice/Summoning                4
Comestibles
 c - 2 bread rations
 d - 2 meat rations
 g - a slice of pizza
 o - a beef jerky


   Skills:
 - Level 1.9 Dodging
 - Level 1.7 Stealth
 + Level 3.0 Spellcasting
   Level 1.0 Conjurations
 * Level 4.3 Ice Magic


You had 8 spell levels left.
You knew the following spells:

 Your Spells              Type           Power        Failure   Level  Hunger
a - Freeze                Ice            ###.         2%          1    None


Dungeon Overview and Level Annotations

Branches:
Dungeon (2/15)

Altars:


Innate Abilities, Weirdness & Mutations

You have a pair of antennae on your head.
You have sharp fingernails.


Message History

You hit the giant cockroach but do no damage.
The giant cockroach is heavily wounded.
The giant cockroach bites you.
You barely miss the giant cockroach.
The giant cockroach is heavily wounded.
The giant cockroach bites you. The giant cockroach barely misses you.
You hit the giant cockroach. You burn the giant cockroach.
You kill the giant cockroach!
No target in view!
No target in view!
No target in view!
No target in view!
Done exploring.
Done exploring.
Done exploring.
Done exploring.
Done exploring.
Welcome back, kae the Demonspawn Ice Elementalist.
Press ? for a list of commands and other information.
Are you sure you want to abandon this character and quit the game? (Confirm with "yes".)

.#####.## ##.#.##...# #..... .#
#.# #.........# #.#### .# #.#
#..#.##.#.# #.# .# ###.#
#....##.#.# #.# .# #...#
#.#...#.#[# #.# .#
#.#########.#.#.#.#.# #.# .#
#.#.........#.#.#.#.# #.# .#
#.#[#######.#.#.....#####.####
.###.#.......#.#@....<...........
.......#####.#.........###.######
##.....#...#.#............#.##
.......#...#...#.........###.####
##.....#....#..)..........#......
#.....###.###...#.....###.######
#####....## ##.......## ###
#####.###.####>..# ##.#.## #####


There were no monsters in sight!

Vanquished Creatures
  Natasha (thrice) (D:2)
  A gnoll (D:1)
  A worm (D:2)
  2 dart slugs (D:2)
  2 giant geckos (D:2)
  7 bats
  2 giant cockroaches (D:2)
  2 goblins (D:1)
  5 hobgoblins
  A giant newt (D:1)
  2 kobolds
  3 rats
31 creatures vanquished.

Notes
Turn   | Place    | Note
--------------------------------------------------------------
     0 | D:1      | kae the Demonspawn Ice Elementalist began the quest for the Orb.
     0 | D:1      | Reached XP level 1. HP: 13/13 MP: 3/3
   200 | D:1      | Reached skill level 3 in Ice Magic
   359 | D:1      | Gained mutation: You have sharp fingernails. [demonic ancestry]
   359 | D:1      | Reached XP level 2. HP: 19/19 MP: 0/5
   866 | D:2      | Noticed Natasha
   873 | D:2      | Killed Natasha
   873 | D:2      | Gained mutation: You have a pair of small antennae on your head. [demonic ancestry]
   873 | D:2      | Reached XP level 3. HP: 13/24 MP: 0/6
  1322 | D:2      | Noticed Natasha
  1333 | D:2      | Killed Natasha
  1333 | D:2      | Reached skill level 4 in Ice Magic
  1333 | D:2      | Gained mutation: You have a pair of antennae on your head. [demonic ancestry]
  1333 | D:2      | Reached XP level 4. HP: 6/30 MP: 2/8
  1835 | D:2      | Noticed Natasha
  1843 | D:2      | Killed Natasha
  1999 | D:2      | Quit the game

Skill      XL: |  1  2  3  4 |
---------------+-------------+-----
Ice Magic      | 3 4 |  4.3
Spellcasting   | 3 |  3.0
Dodging        | |  1.9
Stealth        | |  1.7
Conjurations   | |  1.0

Action                   |  1- 3 |  4- 6 || total
-------------------------+-------+-------++-------
Melee: Unarmed           |    13 |       ||    13
       Spear             |    33 |    18 ||    51
 Cast: Freeze            |    20 |    11 ||    31
 Stab: Sleeping          |     4 |     1 ||     5
  Eat: Chunk             |     1 |     3 ||     4
Armor: Robe              |    12 |     3 ||    15
Dodge: Dodged            |    31 |    13 ||    44
